Map: Hecate LE

Players

ily - Winner!

  • Race: Terran Terran
  • League: Master
  • Spawn Location: 1:00

BackPain

  • Race: Terran Terran
  • League: Diamond
  • Spawn Location: 7:00

VOD

Have the link to the VOD?

Description

Time

  • Played on: Dec. 25, 2023, 10:26 p.m.
  • Length: 9:18
Show
View Real Time Build Order
Export as new Build Order

ily Terran - Winner!

Build Orders: Cyclone Opening 

Get SALT Encoding   

  12  0:00  SCV  
  13  0:12  SCV  
  14  0:17  Supply Depot  
  14  0:24  SCV  
  15  0:39  SCV  
  15  0:40  Barracks  
  16  0:44  Refinery  
  16  0:51  SCV  
  16  0:55  Refinery  
  17  1:03  SCV  
  18  1:15  SCV  
  19  1:27  Orbital Command, Reaper  
  19  1:28  Supply Depot  
  20  1:42  Factory  
  20  1:54  SCV  
  20  2:00  Barracks Reactor  
  21  2:06  SCV  
  22  2:20  Command Center  
  22  2:21  SCV  
  22  2:37  SCV  
  22  2:43  Supply Depot  
  23  2:45  Cyclone x2  
  23  2:48  Barracks Tech Lab  
  23  2:49  SCV  
  28  3:01  SCV  
  29  3:08  Marine  
  29  3:10  Stimpack  
  30  3:13  SCV  
  30  3:17  Cyclone  
  33  3:22  Starport  
  33  3:25  SCV  
  33  3:26  Marine  
  35  3:38  SCV  
  33  3:45  Marine  
  33  3:47  Orbital Command  
  34  3:50  SCV  
  35  3:58  Factory Tech Lab, Medivac  
  35  4:02  SCV  
  38  4:03  Marine  
  39  4:11  Command Center  
  39  4:13  SCV  
  39  4:14  SCV  
  41  4:18  Siege Tank  
  41  4:24  Marine  
  45  4:25  SCV  
  45  4:26  SCV  
  45  4:30  Starport Reactor  
  47  4:33  Supply Depot, Refinery  
  47  4:37  SCV  
  48  4:40  SCV  
  48  4:42  Barracks  
  49  4:50  SCV  
  49  4:51  Barracks, Marine  
  51  4:52  SCV  
  51  4:53  Combat Shield  
  52  5:02  SCV  
  52  5:03  Siege Tank  
  52  5:05  SCV  
  57  5:09  Marine  
  58  5:14  SCV  
  58  5:16  Supply Depot  
  58  5:17  SCV  
  58  5:19  Medivac  
  62  5:23  Orbital Command  
  62  5:26  Marine, SCV  
  64  5:29  SCV  
  64  5:31  Marine x2  
  64  5:35  Siege Tank  
  70  5:38  SCV  
  70  5:40  Barracks Reactor  
  70  5:41  SCV  
  72  5:46  Supply Depot  
  72  5:50  SCV  
  72  5:51  SCV  
  72  5:52  Marine  
  72  5:53  SCV  
  76  5:58  Engineering Bay  
  76  5:59  Orbital Command, Engineering Bay  
  76  6:02  SCV  
  78  6:05  SCV  
  78  6:07  Siege Tank  
  81  6:12  Medivac  
  81  6:14  Barracks, SCV, Medivac  
  81  6:16  Barracks, Marine x2  
  81  6:17  SCV  
  81  6:18  Marine x2  
  91  6:25  SCV  
  92  6:26  Marine  
  92  6:30  Supply Depot  
  93  6:36  Supply Depot  
  93  6:37  Terran Infantry Weapons Level 1  
  93  6:39  Terran Infantry Armor Level 1  
  93  6:51  Marine x5  
  93  6:52  SCV x3  
  101  7:01  Siege Tank  
  98  7:04  Barracks Reactor, SCV x3  
  101  7:09  Marine x5  
  101  7:10  Refinery  
  101  7:13  Barracks Reactor  
  106  7:16  SCV x3  
  109  7:27  Marine x3  
  109  7:28  SCV x2  
  109  7:36  Command Center  
  109  7:46  Supply Depot  
  109  7:50  Supply Depot  
  109  7:53  Supply Depot x2  
  109  8:02  Supply Depot  
  109  8:03  Medivac x2, Marine x2, SCV x2  
  109  8:04  Marine  
  117  8:07  Marine x4  
  117  8:08  Siege Tank, SCV  
  117  8:11  Marine x2  
  127  8:15  SCV x2  
  129  8:20  SCV  
  129  8:21  Marine x2  
  129  8:22  Marine  
  129  8:25  Marine x4  
  137  8:27  SCV x2  
  137  8:29  Marine x2  
  137  8:32  SCV  
  141  8:38  Marine x2  
  141  8:39  SCV  
  141  8:40  Siege Tank, Marine  
  136  8:46  Marine  
  127  8:54  Marine x3  
  132  9:10  Barracks  
  132  9:13  Barracks x2  
Show
View Real Time Build Order
Export as new Build Order

BackPain Terran 

Build Orders: Cyclone Opening 

Get SALT Encoding   

  12  0:00  SCV  
  13  0:12  SCV  
  14  0:17  Supply Depot  
  14  0:24  SCV  
  15  0:38  SCV  
  15  0:41  Barracks  
  16  0:45  Refinery  
  16  0:50  SCV  
  16  0:52  Refinery  
  17  1:03  SCV  
  18  1:15  SCV  
  19  1:28  Orbital Command, Reaper  
  19  1:30  Supply Depot  
  20  1:44  Factory  
  20  1:55  SCV  
  20  2:00  Reaper  
  22  2:07  SCV  
  23  2:20  Command Center  
  23  2:27  SCV  
  24  2:33  Cyclone  
  24  2:34  Barracks Reactor  
  26  2:40  SCV  
  27  2:52  SCV  
  27  2:56  Supply Depot  
  28  3:01  Starport  
  28  3:03  Refinery  
  28  3:04  SCV  
  29  3:08  Factory Tech Lab  
  29  3:12  Marine x2  
  29  3:17  SCV  
  32  3:27  Siege Tank  
  32  3:30  SCV  
  32  3:33  Marine x2  
  38  3:40  Starport Tech Lab  
  34  3:42  SCV  
  34  3:43  Orbital Command  
  35  3:54  Bunker, Marine, SCV  
  37  4:00  Interference Matrix  
  37  4:02  Raven  
  39  4:04  Marine  
  39  4:06  SCV  
  39  4:09  SCV  
  42  4:18  SCV  
  42  4:21  Siege Tank, SCV  
  42  4:22  Marine  
  42  4:23  Marine  
  49  4:31  SCV  
  49  4:34  SCV  
  51  4:39  Supply Depot  
  51  4:46  SCV  
  51  4:48  SCV  
  51  4:50  Command Center  
  53  4:55  Supply Depot  
  53  4:58  SCV  
  54  5:00  SCV  
  54  5:01  Raven  
  54  5:05  Siege Tank  
  60  5:10  SCV  
  60  5:11  Supply Depot  
  60  5:15  SCV  
  60  5:19  Marine x2  
  63  5:23  SCV  
  63  5:26  Barracks  
  63  5:27  Barracks  
  63  5:28  SCV  
  65  5:35  SCV  
  66  5:41  Siege Tank  
  66  5:42  SCV  
  70  5:47  SCV  
  70  5:54  Viking, Stimpack, SCV, Refinery  
  70  5:55  Viking  
  75  5:59  SCV  
  75  6:03  Supply Depot  
  76  6:06  Marine, SCV  
  76  6:10  Engineering Bay  
  76  6:11  SCV  
  79  6:13  Orbital Command  
  79  6:15  Engineering Bay  
  79  6:16  Barracks Reactor x2  
  79  6:18  SCV  
  80  6:23  SCV  
  81  6:26  Siege Tank  
  81  6:31  Marine, SCV  
  86  6:34  Viking  
  86  6:36  Viking  
  86  6:37  SCV  
  90  6:47  Barracks  
  90  6:48  Orbital Command, Barracks, SCV  
  90  6:53  SCV  
  91  7:01  Marine  
  91  7:02  Marine x4  
  91  7:03  Siege Tank  
  91  7:05  Terran Infantry Weapons Level 1  
  91  7:07  Terran Infantry Armor Level 1  
  99  7:15  SCV  
  99  7:16  SCV  
  101  7:23  Supply Depot  
  101  7:24  Supply Depot  
  101  7:26  SCV  
  101  7:28  SCV  
  100  7:30  SCV  
  101  7:41  Supply Depot  
  101  7:44  SCV x3  
  104  7:56  SCV x3  
  104  7:58  Barracks Reactor, Sensor Tower, Marine  
  107  7:59  Barracks Reactor, Armory  
  107  8:04  Refinery x2  
  107  8:05  Marine x4  
  109  8:06  Siege Tank  
  109  8:09  SCV x3  
  117  8:15  Marine  
  118  8:21  SCV x3  
  118  8:23  Marine x3  
  118  8:24  Marine  
  124  8:29  Marine  
  124  8:33  SCV x2  
  125  8:37  Marine  
  125  8:38  SCV, Marine x2  
  125  8:40  Marine  
  125  8:41  Marine x2  
  121  8:42  Marine  
  121  8:43  Siege Tank  
  121  8:45  SCV x2  
  121  8:47  Marine  
  115  8:55  Marine  
  108  8:56  SCV, Marine x2  
  108  8:58  Marine x2  
  108  8:59  Marine  
  108  9:02  SCV  
Tags
 
Add a new tag
Caveats
  • Supply blocks, unpowered buildings, or Contaminate may cause inaccurate times.
  • Supply counts are checked every 10 seconds.